[Event "Early-Titled-Tuesday-Blitz-January-23-2024"]
[Site "Chess.com"]
[Date "2024.01.23"]
[Round "3"]
[White "ural58"]
[Black "arenal72"]
[Result "1-0"]
[WhiteElo "2441"]
[BlackElo "2588"]
[TimeControl "180+1"]
[EndTime "8:28:15 PST"]
[Termination "ural58 won by resignation"]

1. e4 Nc6 2. Nf3 d6 3. d4 Nf6 4. d5 Nb8 5. Nc3 g6 6. h3 Bg7 7. Be3 a6 8. Qd2 b5 9. Bd3 O-O 10. Bh6 c5 11. dxc6 Nxc6 12. h4 Bg4 13. Bxg7 Kxg7 14. Nh2 b4 15. Nxg4 Nxg4 16. Nd5 e6 17. Nxb4 Nxb4 18. Qxb4 Qf6 19. f3 Rfb8 20. Qxd6 Ne3 21.
Kf2 Ng4+ 22. Kg3 Ne5 23. f4 Nxd3 24. cxd3 Rd8 25. Qa3 e5 26. Rhf1 Rd7 27. Qc3 Rad8 28. Rad1 exf4+ 29. Rxf4 Qxc3 30. bxc3 Rxd3+ 31. Rxd3 Rxd3+ 32.
Rf3 Rd2 33. Rf2 Rd3+ 34. Rf3 Rd1 35. Kf4 Rc1 36. Ke5 Rc2 37. g4 Rxa2 38. c4 Rh2 39. Rc3 Kf8 40. Kd6 Ke8 41. Kc7 Rxh4 42. c5 Rxg4 43.
Rc4 h5 44. c6 h4 45. Kb8 Rg5 46. c7 Rb5+ 47. Ka7 h3 48. c8=Q+ Ke7 49. Qxh3 1-0

[Event "Early-Titled-Tuesday-Blitz-January-23-2024"]
[Site "Chess.com"]
[Date "2024.01.23"]
[Round "3"]
[White "AwareIdea"]
[Black "NovakRatko"]
[Result "1-0"]
[WhiteElo "2536"]
[BlackElo "2349"]
[TimeControl "180+1"]
[EndTime "8:28:15 PST"]
[Termination "AwareIdea won on time"]

1. d4 d5 2. c4 c5 3. cxd5 Qxd5 4. Nf3 cxd4 5. Nc3 Qa5 6. Nxd4 e5 7. Nb3 Qc7 8. Bg5 Bb4 9. Rc1 Nc6 10. a3 Bxc3+ 11. Rxc3 Nge7 12. e3 f6 13. Bh4 O-O 14. Bc4+ Kh8 15.
O-O Rd8 16. Qh5 Bf5 17. Nc5 Bg6 18. Qg4 Rd2 19. b4 b6 20. Ne6 Qd6 21. f4 f5 22. Qg3 exf4 23. Nxf4 Ne5 24. Bb3 Rd8 25. h3 Bf7 26. Ba4 Rg8 27. Qg5 N7g6 28. Nxg6+ Bxg6 29. Bg3 Nf7 30. Qh4 Qd5 31. Rf2 Rxf2 32. Bxf2 Ne5 33. Qd4 Qxd4 34. exd4 Nf7 35. Bb3 Rd8 36. d5 Ng5 37.
Rc7 Ne4 38. Bd4 Nf6 39. Bxf6 gxf6 40. Rxa7 f4 41. Rb7 Be4 42. Rxb6 Bxd5 43. Bxd5 Rxd5 44. Rxf6 Rd3 45. Rxf4 Rxa3 46. Rf3 Ra1+ 47. Rf1 Rb1 48. Rxb1 1-0

[Event "Early-Titled-Tuesday-Blitz-January-23-2024"]
[Site "Chess.com"]
[Date "2024.01.23"]
[Round "3"]
[White "bubeliang"]
[Black "Grischuk"]
[Result "1/2-1/2"]
[WhiteElo "2795"]
[BlackElo "3077"]
[TimeControl "180+1"]
[EndTime "8:28:16 PST"]
[Termination "Game drawn by repetition"]

1. e4 e5 2. Nc3 Nf6 3. Bc4 Bc5 4.
d3 c6 5. Nf3 d6 6. O-O O-O 7. Ne2 Re8 8. Ng3 h6 9. c3 Bb6 10. Be3 Nbd7 11. Nh4 d5 12. Bb3 Bxe3 13. fxe3 Nc5 14. exd5 cxd5 15. Nhf5 Bxf5 16. Nxf5 Re6 17. d4 Nxb3 18. axb3 Kh7 19. Qf3 Qb6 20. b4 Rae8 21. Qg3 g6 22. Nh4 exd4 23. exd4 R8e7 24.
h3 Ne4 25. Qd3 a6 26. Nf3 Kg7 27. Ne5 f6 28. Nf3 Qd6 29. Rfe1 Qg3 30. Qf1 h5 31.
Re3 Ng5 32. Rxe6 Rxe6 33. Nxg5 Qxg5 34. Qf3 Qe3+ 35. Qxe3 Rxe3 36. Kf2 Re7 37. Ra5 Rd7 38. b5 axb5 39. Rxb5 g5 40. Rb6 Kg6 41. Kf3 h4 42. Ke3 Kf5 43. Kf3 Kg6 44. Rb5 Kf7 45. Rb6 Kg6 1/2-1/2

[Event "Early-Titled-Tuesday-Blitz-January-23-2024"]
[Site "Chess.com"]
[Date "2024.01.23"]
[Round "3"]
[White "Dinosaurio_1975"]
[Black "MIss_MIaMI"]
[Result "1-0"]
[WhiteElo "2640"]
[BlackElo "2452"]
[TimeControl "180+1"]
[EndTime "8:28:16 PST"]
[Termination "Dinosaurio_1975 won on time"]

1. e4 c5 2. Nf3 e6 3. g3 Nc6 4. Bg2 a6 5. O-O d6 6. c3 Nf6 7. Re1 Be7 8. d4 O-O 9. Qe2 e5 10. dxe5 Nxe5 11. Bf4 Qc7 12. Nbd2 Bg4 13. h3 Bh5 14.
Rad1 Rfd8 15. Nc4 Nfd7 16. Ne3 Nxf3+ 17. Bxf3 Bxf3 18. Qxf3 Ne5 19. Bxe5 dxe5 20. Nd5 Qd6 21. Re2 Bg5 22. h4 Bh6 23. Ree1 Rac8 24. c4 Qe6 25. Rd3 Rd6 26. Red1 Rcd8 27. b3 f6 28. Qe2 Qf7 29. Kg2 Kf8 30. Qe1 b6 31. Qc3 Qb7 32. a3 Kf7 33. b4 cxb4 34. axb4 g6 35. c5 bxc5 36. bxc5 Rc6 37. Qc4 Kg7 38. Rb3 Qc8 39. Nb6 Qc7 40.
Rxd8 Qxd8 41. Rd3 Qe8 42. Rd7+ Kh8 43. Qd5 Rxc5 44. Qxc5 Bg7 45. Qd6 Qg8 46. Rd8 Bf8 47. Rxf8 1-0

[Event "Early-Titled-Tuesday-Blitz-January-23-2024"]
[Site "Chess.com"]
[Date "2024.01.23"]
[Round "3"]
[White "Raud100"]
[Black "hakanazeri2"]
[Result "0-1"]
[WhiteElo "2389"]
[BlackElo "2580"]
[TimeControl "180+1"]
[EndTime "8:28:17 PST"]
[Termination "hakanazeri2 won by resignation"]

1. d4 Nf6 2. c4 c6 3. Nc3 d5 4. Nf3 dxc4 5. a4 Bf5 6. Ne5 e6 7. f3 Bb4 8. e4 Bxe4 9. fxe4 Nxe4 10. Bd2 Qxd4 11. Nxe4 Qxe4+ 12. Qe2 Bxd2+ 13. Kxd2 Qd5+ 14.
Kc2 Na6 15. Nxc4 O-O 16. Qe5 Nb4+ 17. Kb3 a5 18. Qxd5 Nxd5 19. Be2 b5 20. axb5 a4+ 21. Ka3 cxb5 22. Ne5 b4+ 23. Ka2 b3+ 24. Ka3 Ne3 25.
Bd3 Rfd8 26. Kb4 f6 27. Rxa4 Rxa4+ 28. Kxa4 fxe5 29. Bb5 Nf5 30. Bc4 Nd4 31. Kb4 Kf7 32. Kc3 Rc8 33. Re1 Kf6 34. Rf1+ Ke7 35. Ra1 Rc7 36.
Ra3 Nb5+ 37. Kxb3 Nxa3 38. bxa3 e4 39. a4 Kd6 40. a5 Kc5 41. a6 Kd4 42. Bb5 e3 43.
Kb4 Rc1 44. a7 Ra1 45. Ba4 e2 46. a8=Q e1=Q+ 47. Kb5 Qb1+ 48. Kc6 Qe4+ 49. Kd6 Qxa8 50. Bc6 Qd8+ 51. Kxe6 Ra6 0-1

[Event "Early-Titled-Tuesday-Blitz-January-23-2024"]
[Site "Chess.com"]
[Date "2024.01.23"]
[Round "3"]
[White "Hamisandwich"]
[Black "knightinshiningarmour16"]
[Result "1-0"]
[WhiteElo "2702"]
[BlackElo "2213"]
[TimeControl "180+1"]
[EndTime "8:28:18 PST"]
[Termination "Hamisandwich won by resignation"]

1. e4 c6 2. Nc3 d5 3. Nf3 a6 4. d4 Bg4 5. h3 Bxf3 6. Qxf3 dxe4 7.
Qxe4 Nf6 8. Qd3 e6 9. Bd2 Bd6 10. O-O-O Qc7 11. Ne2 Nbd7 12. g3 O-O-O 13. Bg2 Kb8 14. Kb1 Ka8 15. c4 Rhe8 16. f4 c5 17. Be3 cxd4 18. Nxd4 Nc5 19. Qc2 g6 20. b4 Ncd7 21.
c5 Be7 22. c6 bxc6 23. Qxc6+ Qxc6 24. Nxc6 Nd5 25. Nxd8 Rxd8 26. Bxd5+ exd5 27. Rxd5 Nf6 28. Rxd8+ Bxd8 29. Bd4 Be7 30. Bxf6 Bxf6 31. Rd1 Kb7 32.
Rd7+ Kb6 33. Rxf7 Bc3 34. Rxh7 Bxb4 35. Rh6 Be1 36. Rxg6+ Kb5 37. h4 a5 38. h5 Ka4 39.
f5 Ka3 40. f6 a4 41. f7 Bb4 42. Rg8 Bd6 43. f8=Q Bxf8 44. Rxf8 Kb4 45. g4 Ka3 46. g5 Kb4 47. g6 Ka3 48. g7 Kb4 49. h6 Ka3 50. h7 Kb4 51. Rf3 1-0

[Event "Early-Titled-Tuesday-Blitz-January-23-2024"]
[Site "Chess.com"]
[Date "2024.01.23"]
[Round "3"]
[White "Zq1"]
[Black "FLYD"]
[Result "0-1"]
[WhiteElo "2519"]
[BlackElo "2101"]
[TimeControl "180+1"]
[EndTime "8:28:18 PST"]
[Termination "FLYD won on time"]

1. d4 Nf6 2. c4 a6 3. Nc3 c5 4.
dxc5 e6 5. e4 Qc7 6. f4 Bxc5 7.
e5 Ng8 8. Nf3 Ne7 9. Ne4 b6 10.
Nd6+ Kf8 11. Ng5 Bb4+ 12. Kf2 Bc5+ 13. Be3 Bxe3+ 14. Kxe3 f6 15. Ngf7 Rg8 16. Bd3 Qc5+ 17. Ke2 Ng6 18. Bxg6 hxg6 19. Qd3 Nc6 20. Qe3 Nd4+ 21.
Kf2 g5 22. g3 gxf4 23. gxf4 fxe5 24. fxe5 Nf5 25. Nxf5 exf5 26. Nd6 g6 27. b4 Qxe3+ 28. Kxe3 Rh8 29. h4 Ke7 30. Rag1 Rh6 31. h5 Rxh5 32.
Rxh5 gxh5 33. Rg7+ Ke6 34. Kf4 b5 35. Nxf5 bxc4 36. Rg6+ Kf7 37. Rd6 Rb8 38. a3 a5 39.
Ne3 axb4 40. axb4 Rxb4 41. Nd5 c3+ 42. Kf5 Rc4 43. Rf6+ Ke8 44. Rh6 c2 45. Rh8+ Kf7 46.
Rh7+ Kf8 47. Kg6 Rg4+ 48. Kf5 c1=Q 49. Rh8+ Kg7 0-1

[Event "Early-Titled-Tuesday-Blitz-January-23-2024"]
[Site "Chess.com"]
[Date "2024.01.23"]
[Round "3"]
[White "kingofthenil"]
[Black "ilqar_74"]
[Result "1-0"]
[WhiteElo "2674"]
[BlackElo "2891"]
[TimeControl "180+1"]
[EndTime "8:28:20 PST"]
[Termination "kingofthenil won by checkmate"]

1. e4 c5 2. Nf3 d6 3. d4 cxd4 4. Nxd4 Nf6 5. Nc3 e5 6. Bb5+ Bd7 7. Bxd7+ Qxd7 8. Nf3 Qc6 9. Qd3 Nbd7 10. Be3 Be7 11.
O-O O-O 12. Nd2 Rfc8 13. a4 b6 14. f3 a6 15. Nb3 h6 16. Rfd1 Nf8 17. Nc1 Ng6 18. N1a2 a5 19. Nc1 Nf4 20. Bxf4 exf4 21. N1e2 Qc5+ 22. Kh1 Qe5 23. Qb5 Rab8 24. Rd2 Rc5 25.
Qb3 g6 26. Rad1 Kg7 27. Nd5 Nxd5 28. Rxd5 Qf6 29. Nd4 Rbc8 30. c3 Rxd5 31. Qxd5 Rc5 32. Qb7 Rh5 33. h3 Bf8 34. Qxb6 Qg5 35. Ne2 Qh4 36.
Qd4+ Kg8 37. b4 Bg7 38. Qxd6 Kh7 39. Qxf4 Qf2 40. Ng1 Rg5 41. Rd2 Qe1 42. Re2 Qxc3 43. bxa5 Qxa5 44. Qxf7 Qxa4 45. f4 Rg3 46. f5 Qd1 47. f6 Qd4 48. Qxg7# 1-0

[Event "Early-Titled-Tuesday-Blitz-January-23-2024"]
[Site "Chess.com"]
[Date "2024.01.23"]
[Round "3"]
[White "Let_it_be_1"]
[Black "TioCridineno"]
[Result "1/2-1/2"]
[WhiteElo "2584"]
[BlackElo "2418"]
[TimeControl "180+1"]
[EndTime "8:28:20 PST"]
[Termination "Game drawn by repetition"]

1. e4 c5 2. Nf3 Nc6 3. d4 cxd4 4. Nxd4 Nf6 5. Nc3 e5 6. Ndb5 d6 7. Bg5 a6 8. Na3 b5 9. Nd5 Be7 10. Bxf6 Bxf6 11. c3 O-O 12. Nc2 Bg5 13. a4 bxa4 14.
Nce3 Bxe3 15. Nxe3 a5 16. Qxa4 Ne7 17. Bc4 Be6 18.
O-O Qc7 19. Rfd1 h6 20. h3 Rfc8 21. Bxe6 fxe6 22. Rd2 Ra6 23. Rd3 Qc6 24. b4 Qxa4 25. Rxa4 Rca8 26. bxa5 Rxa5 27. Rxa5 Rxa5 28. Rxd6 Kf7 29.
Rd7 Kf6 30. Kh2 h5 31. h4 Ng6 32. g3 Ne7 33. Kg2 Rc5 34. c4 Rc8 35. g4 g6 36. Kg3 Kf7 37. g5 Ke8 38. Rd6 Kf7 39.
Ra6 Rc7 40. Ra5 Nc6 41. Rc5 Ke7 42. Rb5 Kd6 43. c5+ Kd7 44. Nc4 Ra7 45. f3 Ra4 46. Rb7+ Kc8 47. Nb6+ Kxb7 48. Nxa4 Nd4 49.
Nb2 Kc6 50. Nc4 Ne2+ 51. Kf2 Nf4 52. Nxe5+ Kxc5 53. Kg3 Ne2+ 54. Kf2 Nf4 55. Ke3 Ng2+ 56. Kf2 Nf4 1/2-1/2

[Event "Early-Titled-Tuesday-Blitz-January-23-2024"]
[Site "Chess.com"]
[Date "2024.01.23"]
[Round "3"]
[White "hawes33"]
[Black "Shuvalov"]
[Result "1-0"]
[WhiteElo "2279"]
[BlackElo "2456"]
[TimeControl "180+1"]
[EndTime "8:28:20 PST"]
[Termination "hawes33 won by resignation"]

1. e4 e6 2. Nf3 d5 3. e5 c5 4. b4 cxb4 5. a3 bxa3 6. Bxa3 Bxa3 7. Nxa3 Bd7 8. d4 Ne7 9. Bd3 h6 10. O-O a6 11. c4 Nbc6 12. cxd5 exd5 13. Qb3 Na5 14.
Qb4 O-O 15. Rab1 b5 16. Rfc1 Nc4 17. Nxc4 dxc4 18. Be4 Bf5 19. Bxa8 Bxb1 20. Rxb1 Qxa8 21. Qxe7 c3 22. Qb4 Rc8 23. Rc1 c2 24. Ne1 Qe4 25. Qd2 Rd8 26. Nxc2 Qxe5 27. Re1 Qd5 28. h3 Qa2 29.
Qc3 a5 30. Ra1 Qe6 31. Qxa5 Rc8 32. Ne3 Qb3 33. d5 b4 34. d6 Qd3 35. Qxb4 Rd8 36. Rd1 Qg6 37. d7 Qe6 38. Qb7 Kh7 39. Qc7 Qf6 40.
Qc2+ g6 41. Qc7 h5 42. Rd6 Qe7 43. g3 Kg7 44. Qc3+ Kh7 45. Qd4 Kg8 46. Qc5 Kh7 47. Qc7 Kg7 48. Kh2 Kh7 49. Nd5 Qe2 50. Rf6 h4 51. Qxd8 hxg3+ 52. Kxg3 Qe5+ 53. Nf4 Qg5+ 54. Kf3 Kg7 55. Rxf7+ Kxf7 56. Qxg5 1-0

[Event "Early-Titled-Tuesday-Blitz-January-23-2024"]
[Site "Chess.com"]
[Date "2024.01.23"]
[Round "3"]
[White "mbojan"]
[Black "Zavgorodniy_Sergiy"]
[Result "1-0"]
[WhiteElo "2892"]
[BlackElo "2613"]
[TimeControl "180+1"]
[EndTime "8:28:22 PST"]
[Termination "mbojan won by resignation"]

1. a3 Nf6 2. h3 e5 3. e3 d5 4. d4 e4 5. c4 c6 6. Bd2 Bd6 7. cxd5 cxd5 8. Bb4 Nc6 9. Bxd6 Qxd6 10. Nc3 O-O 11. Nge2 Re8 12. Nf4 a6 13. Be2 Ne7 14.
Rc1 g5 15. Nh5 Nxh5 16. Bxh5 Kg7 17. h4 h6 18. g3 Bd7 19. Be2 Rac8 20. Kd2 Qb6 21. b4 a5 22. Qb3 axb4 23. Qxb4 Qf6 24. hxg5 hxg5 25. Rh2 Bf5 26. Na2 Rxc1 27. Nxc1 Rc8 28.
Na2 Nc6 29. Qb2 Bg6 30. Nc3 Qd6 31. Nb5 Qf6 32. Nc3 Ne7 33. Qxb7 Rc6 34. Qb8 Rc8 35. Qe5 Ra8 36. Qxf6+ Kxf6 37. a4 Ke6 38. Bb5 Nf5 39. Rh1 Nd6 40. Rb1 f5 41. Be2 Be8 42. Ra1 Bc6 43. a5 f4 44. gxf4 gxf4 45. a6 Kf5 46. Ra5 fxe3+ 47. fxe3 Ke6 48. Bg4+ Ke7 49. Be2 Ra7 50.
Nxd5+ Bxd5 51. Rxd5 1-0

[Event "Early-Titled-Tuesday-Blitz-January-23-2024"]
[Site "Chess.com"]
[Date "2024.01.23"]
[Round "3"]
[White "K_A_S_T_O_R"]
[Black "Titus369"]
[Result "1/2-1/2"]
[WhiteElo "2887"]
[BlackElo "2663"]
[TimeControl "180+1"]
[EndTime "8:28:23 PST"]
[Termination "Game drawn by repetition"]

1. e4 c5 2. Nf3 d6 3. d4 cxd4 4. Nxd4 Nf6 5. Nc3 a6 6. Bg5 e6 7. f4 Be7 8. Qf3 Qc7 9. O-O-O Nbd7 10. Bd3 b5 11. Rhe1 Bb7 12. a3 h6 13. Bh4 g5 14. fxg5 Ne5 15. Qe2 Nfd7 16. Kb1 hxg5 17. Bg3 O-O-O 18. h3 Kb8 19. Rf1 Ka8 20. Qe3 Qc5 21.
Bf2 g4 22. Qe1 Qc7 23. h4 Nxd3 24. cxd3 Ne5 25. g3 Rc8 26. Qe3 Qc5 27. Rc1 Qb6 28. Qe2 Qd8 29. Nb3 Bc6 30. Qe3 Qd7 31. Na2 Bd8 32. Nb4 Qb7 33. Rc3 a5 34. Nxc6 Rxc6 35. Rxc6 Nxc6 36. Rc1 Nb8 37. Qf4 e5 38. Qxg4 a4 39.
Nd2 Bb6 40. Qf3 Bxf2 41. Qxf2 Nc6 42. Nf3 Na5 43. Ng5 Nb3 44. Rc3 Rf8 45. Qf6 Qb6 46. Ka2 Qg1 47. Rxb3 axb3+ 48. Kxb3 Qd1+ 49. Ka2 Qxd3 50.
Qf2 Qc4+ 51. b3 Qc5 52. Qd2 f5 53. Ne6 Qc8 54. Nxf8 Qxf8 55. Qd5+ Ka7 56. exf5 Qxf5 57. Qxb5 Qc2+ 58. Ka1 Qc1+ 59. Ka2 Qc2+ 60. Ka1 Qc1+ 61. Ka2 Qc2+ 1/2-1/2

[Event "Early-Titled-Tuesday-Blitz-January-23-2024"]
[Site "Chess.com"]
[Date "2024.01.23"]
[Round "3"]
[White "Yeritsyaan"]
[Black "colegiodemadrid"]
[Result "1-0"]
[WhiteElo "2646"]
[BlackElo "2468"]
[TimeControl "180+1"]
[EndTime "8:28:24 PST"]
[Termination "Yeritsyaan won by resignation"]

1. c4 Nf6 2. Nc3 e6 3. e4 d5 4.
cxd5 exd5 5. e5 d4 6. exf6 dxc3 7. bxc3 Qxf6 8. d4 Bd6 9. Nf3 h6 10. Bb5+ Bd7 11. Qe2+ Qe7 12. Qxe7+ Kxe7 13. Bd3 Re8 14. O-O Kf8 15. Bd2 Bc6 16. Rfe1 Nd7 17. c4 Bxf3 18. gxf3 b6 19. Be4 Rad8 20. a4 c5 21. d5 Ne5 22. Rac1 f5 23. f4 fxe4 24. fxe5 Bxe5 25. Kg2 Bd6 26. Rc3 Rd7 27. a5 Kf7 28. Rb3 Bc7 29. a6 Bd6 30. Bc1 g5 31. Rbe3 Rde7 32.
Rh3 Kg6 33. Bb2 g4 34. Rhe3 Bf4 35. R3e2 Kf5 36. Bc3 h5 37. Rd1 Bd6 38. Bd2 h4 39.
Be3 h3+ 40. Kg1 Kg6 41. Rb1 Kf5 42. Rb3 Bf4 43. Rd2 Rd7 44. Rb1 Be5 45. Re2 Rd6 46.
Rd1 Bc3 47. Bc1 Bb4 48. Bb2 Kf4 49. Re3 Kf5 50. Kf1 Re7 51. Ke2 Kg5 52. Rg1 Kh5 53. Reg3 Rg6 54. Ke3 Rf7 55. Be5 Rf3+ 56. Rxf3 exf3 57.
d6 Rg8 58. Bf6 Re8+ 59. Kf4 Bd2+ 60. Kf5 Rf8 61. d7 Bg5 62. d8=Q Rxf6+ 63. Qxf6 Bxf6 64.
Kxf6 Kh4 65. Kf5 b5 66. Rxg4+ 1-0

[Event "Early-Titled-Tuesday-Blitz-January-23-2024"]
[Site "Chess.com"]
[Date "2024.01.23"]
[Round "3"]
[White "chess_blitz00"]
[Black "Byniolus"]
[Result "0-1"]
[WhiteElo "2466"]
[BlackElo "2851"]
[TimeControl "180+1"]
[EndTime "8:28:25 PST"]
[Termination "Byniolus won on time"]

1. d4 d6 2. e4 Nf6 3. Nc3 c6 4. Be3 Qb6 5. Rb1 Ng4 6. Bc4 Nxe3 7. fxe3 e6 8. Qf3 d5 9. Bb3 Be7 10. Nge2 Nd7 11. O-O O-O 12. Nf4 Qd8 13. Nh5 Nf6 14. Ng3 g6 15. Nce2 a5 16. c3 b6 17. Bc2 Ba6 18. Rf2 c5 19. e5 Ne8 20. Nf4 Ng7 21. Bd3 Bxd3 22. Nxd3 a4 23. a3 Qd7 24. Rbf1 Rac8 25. Nf4 f5 26. exf6 Bxf6 27. Qg4 Qe7 28. Nd3 Rce8 29. Ne5 Bxe5 30. dxe5 Nf5 31. Nxf5 exf5 32.
Rxf5 Rxf5 33. Rxf5 Qe6 34. Rf4 Qxe5 35. Qf3 Qxe3+ 36. Qxe3 Rxe3 37. Rf2 d4 38. cxd4 cxd4 39. Rd2 Rb3 40. Kf2 b5 41. Ke2 Kf7 42. Kd1 d3 43. Ke1 Ke6 44. Kf2 Kd5 45. Ke3 Kc4 46. Rf2 d2+ 47. Ke2 Rxb2 48. Rf4+ Kc3 49. Rf3+ Kc2 50.
Rd3 Kc1 51. Rc3+ Rc2 0-1

[Event "Early-Titled-Tuesday-Blitz-January-23-2024"]
[Site "Chess.com"]
[Date "2024.01.23"]
[Round "3"]
[White "M1711"]
[Black "Orphanator2009"]
[Result "1-0"]
[WhiteElo "2655"]
[BlackElo "2481"]
[TimeControl "180+1"]
[EndTime "8:28:25 PST"]
[Termination "M1711 won by checkmate"]

1. e4 c5 2. Nf3 d6 3. Bb5+ Bd7 4. c4 Nf6 5. Nc3 g6 6. O-O Bg7 7. d3 O-O 8. Bxd7 Nbxd7 9. h3 a6 10. Bf4 Rb8 11.
Re1 e5 12. Bg5 Qc7 13. Qd2 b5 14. b3 b4 15. Ne2 a5 16. a4 bxa3 17. Rxa3 Rb4 18.
Rea1 Rfb8 19. Nc1 Ra8 20. Na2 Rb7 21. Nc3 Rb4 22. Nb5 Qb6 23. Qc2 Rxb5 24. cxb5 Qxb5 25.
Bd2 Nb8 26. Rxa5 Rxa5 27. Rxa5 Qb7 28. Qc4 Nc6 29. Rb5 Qd7 30. b4 cxb4 31. Bxb4 Nxb4 32. Qxb4 Ne8 33. Rb7 Qe6 34. Ng5 Qf6 35. h4 h6 36.
Rxf7 Qd8 37. Ne6 Qc8 38. Re7 Bf6 39. Rxe8+ Qxe8 40. Qxd6 Bxh4 41. Qxe5 Qf7 42. Qb8+ Kh7 43. Nf4 Bg5 44. Nh3 Bf6 45. g3 Bg7 46. Qb4 Qe7 47. Qxe7 h5 48. Ng5+ Kh6 49. f4 h4 50. gxh4 Kh5 51. Kg2 Kg4 52. Kf2 Kxh4 53. Ke2 Kg4 54. Qxg7 Kh5 55. d4 Kg4 56. d5 Kxf4 57. d6 Kg4 58. d7 Kg3 59. d8=Q Kg2 60. Qb2 Kg1 61. Kf3 Kh1 62. Qd1# 1-0

[Event "Early-Titled-Tuesday-Blitz-January-23-2024"]
[Site "Chess.com"]
[Date "2024.01.23"]
[Round "3"]
[White "GoValya"]
[Black "dosto07"]
[Result "1/2-1/2"]
[WhiteElo "2300"]
[BlackElo "2548"]
[TimeControl "180+1"]
[EndTime "8:28:26 PST"]
[Termination "Game drawn by repetition"]

1. d4 Nf6 2. c4 e6 3. Nf3 d5 4.
Nc3 Bb4 5. Ne5 O-O 6. g3 Ne4 7. Qc2 c5 8. dxc5 Qa5 9. Bg2 Nxc3 10. bxc3 Bxc3+ 11. Bd2 Bxd2+ 12. Qxd2 Qxc5 13. cxd5 exd5 14. O-O Nc6 15. Rac1 Qd6 16. Nxc6 bxc6 17. e4 Be6 18. exd5 cxd5 19. Rfd1 Rfd8 20. Qd4 h6 21. Rb1 Qa3 22. Rd2 Rac8 23. h4 Rc1+ 24. Rxc1 Qxc1+ 25. Rd1 Qc2 26. Rd2 Qc7 27. Kh2 a5 28. Rb2 Rb8 29. Rxb8+ Qxb8 30. Qc5 Qb4 31. Qc7 Qb5 32. Qd8+ Kh7 33. Qd6 a4 34. a3 Qe2 35. Qf4 Qd3 36. Qxa4 d4 37. Qc6 Bf5 38. a4 Qc3 39. Qd5 Be6 40. Qe4+ g6 41. h5 Bf5 42. hxg6+ fxg6 43. Qe7+ Kh8 44. Qf8+ Kh7 45. Bd5 h5 46. Bg8+ Kh8 47. Bf7+ Kh7 48. Qg8+ Kh6 49. Qh8+ Kg5 50. Qe5 Kh6 51.
Qf4+ Kg7 52. Bd5 Qc2 53. Kg2 d3 54. Qe5+ Kh6 55. Qf4+ Kg7 56. Qe5+ Kh6 57. Qf4+ Kg7 1/2-1/2

[Event "Early-Titled-Tuesday-Blitz-January-23-2024"]
[Site "Chess.com"]
[Date "2024.01.23"]
[Round "3"]
[White "Al_Shima"]
[Black "Quattroporte300"]
[Result "0-1"]
[WhiteElo "2212"]
[BlackElo "2431"]
[TimeControl "180+1"]
[EndTime "8:28:26 PST"]
[Termination "Quattroporte300 won by resignation"]

1. d4 Nf6 2. Nc3 d5 3. Bf4 c6 4.
e3 g6 5. h4 Bg7 6. Nf3 Bg4 7. Be2 h5 8. Ne5 Bxe2 9. Qxe2 Nbd7 10.
O-O-O Qa5 11. Kb1 Nxe5 12. Bxe5 b5 13. a3 Qb6 14. e4 dxe4 15. Bxf6 Bxf6 16. Nxe4 O-O 17.
Nxf6+ exf6 18. g4 hxg4 19. Qxg4 f5 20. Qg5 Qd8 21. Qg2 Qf6 22. h5 Kg7 23. hxg6 fxg6 24. Qh2 Rh8 25. Qc7+ Qf7 26. Qxc6 Rxh1 27. Rxh1 Rd8 28.
Qxb5 Rd5 29. Qe2 f4 30. Qe4 Rh5 31. Rxh5 gxh5 32. Qe5+ Qf6 33. Qxh5 Qxd4 34. Qf3 Kf6 35. Qc3 Qxc3 36. bxc3 Ke5 37. Kc1 Kd5 38. f3 Kc4 39.
Kb2 a6 40. a4 a5 41. Kb1 Kxc3 42. Kc1 Kc4 43. Kd2 Kb4 44. Kd3 Kxa4 45. c4 Kb4 46. Kd4 a4 47. c5 a3 48. c6 a2 49. c7 a1=Q+ 50. Kd5 Qc1 51. Kd6 Qd2+ 52. Kc6 Qc3+ 53. Kb7 Qxf3+ 54. Kb8 Qc3 55. c8=Q Qxc8+ 56. Kxc8 f3 57.
Kb7 f2 0-1

[Event "Early-Titled-Tuesday-Blitz-January-23-2024"]
[Site "Chess.com"]
[Date "2024.01.23"]
[Round "3"]
[White "Aleksandar-Topalov"]
[Black "zurzan"]
[Result "1/2-1/2"]
[WhiteElo "2340"]
[BlackElo "2020"]
[TimeControl "180+1"]
[EndTime "8:28:26 PST"]
[Termination "Game drawn - insufficient material"]

1. b3 Nf6 2. Bb2 g6 3. Bxf6 exf6 4. c4 c6 5. Nc3 d5 6. cxd5 cxd5 7. Nf3 Nc6 8. d4 Bb4 9. Rc1 Qa5 10. Qd2 O-O 11.
e3 Bg4 12. Be2 Rac8 13. O-O Rfe8 14. Qd3 Bxc3 15. Qxc3 Qxc3 16. Rxc3 Nb4 17. Rxc8 Rxc8 18. a3 Nc6 19. Rc1 Rd8 20. b4 a6 21. Rc5 Rd6 22. Bd1 b6 23. Rc3 Ne7 24. h3 Bxf3 25.
Bxf3 Kf8 26. Kf1 Ke8 27. Ke2 Kd7 28. Kd3 Rc6 29. Bg4+ f5 30. Be2 Rxc3+ 31. Kxc3 g5 32. Bxa6 f4 33. Bb5+ Kd6 34. Bd3 h5 35. a4 fxe3 36. fxe3 f5 37. g3 Kc7 38. Bb5 h4 39. gxh4 g4 40. hxg4 fxg4 41. Kd2 Nf5 42. h5 g3 43. Ke2 g2 44. Kf2 Kd6 45. a5 bxa5 46.
bxa5 Nxe3 47. h6 Ng4+ 48. Kxg2 Nxh6 49. Kf3 Nf5 50. Bd3 Nxd4+ 51. Ke3 Nb3 52. a6 d4+ 53. Ke4 Kc7 54. Bc4 Kb6 55. Kd3 Nc5+ 56. Kxd4 Nxa6 1/2-1/2

[Event "Early-Titled-Tuesday-Blitz-January-23-2024"]
[Site "Chess.com"]
[Date "2024.01.23"]
[Round "3"]
[White "Nemegejas"]
[Black "GlennTipton"]
[Result "1-0"]
[WhiteElo "2896"]
[BlackElo "2523"]
[TimeControl "180+1"]
[EndTime "8:28:27 PST"]
[Termination "Nemegejas won by checkmate"]

1. d4 d5 2. c4 c6 3. Nf3 Nf6 4. Nbd2 a6 5. e3 Bg4 6. Be2 Nbd7 7. O-O e6 8. b3 Bd6 9. Bb2 O-O 10. h3 Bxf3 11. Bxf3 b5 12. Qc2 Rc8 13. a4 bxc4 14.
bxc4 c5 15. dxc5 Nxc5 16. cxd5 exd5 17. Qd1 Nce4 18. Bxe4 Nxe4 19. Nxe4 dxe4 20. Qg4 f6 21. Qe6+ Kh8 22. Rad1 Rc6 23. Qxe4 Qc7 24. Rd5 Rc5 25. Bd4 Rxd5 26. Qxd5 Rd8 27. Qf5 Qe7 28. Rc1 Be5 29.
Bxe5 fxe5 30. Rc8 h6 31. Kh2 Rxc8 32. Qxc8+ Kh7 33. Qxa6 Qf7 34. Qd3+ g6 35. Kg1 Qa7 36. Qb5 e4 37. a5 Qc7 38. g3 Qd6 39. Kg2 Qf6 40.
Qb7+ Kg8 41. Qxe4 Qa1 42. Qd5+ Kf8 43. Qa8+ Kg7 44. Qb7+ Kf6 45. a6 g5 46. a7 g4 47. hxg4 h5 48. gxh5 Kg5 49. a8=Q Kxh5 50. Qxa1 Kg4 51. Qd4+ Kf5 52. Qf7+ Kg5 53. Qdf4# 1-0

[Event "Early-Titled-Tuesday-Blitz-January-23-2024"]
[Site "Chess.com"]
[Date "2024.01.23"]
[Round "3"]
[White "ama18"]
[Black "DavidGavrilescu18"]
[Result "0-1"]
[WhiteElo "2519"]
[BlackElo "2830"]
[TimeControl "180+1"]
[EndTime "8:28:28 PST"]
[Termination "DavidGavrilescu18 won by resignation"]

1. Nf3 d5 2. g3 Nf6 3. Bg2 c5 4. O-O e6 5. d4 cxd4 6. Nxd4 e5 7. Nf3 Nc6 8. b3 Bd6 9. Bg5 O-O 10. Nc3 d4 11.
Nd5 Be7 12. Nxe7+ Qxe7 13. e4 Rd8 14. Ne1 a5 15. Nd3 h6 16. Bxf6 Qxf6 17. f4 Qe7 18. Qh5 exf4 19. Rxf4 Be6 20. Raf1 Nb4 21. Ne5 Rf8 22.
R1f2 f6 23. Ng6 Qe8 24. e5 f5 25. g4 d3 26. c3 Nd5 27. Bxd5 Bxd5 28. gxf5 Rf7 29.
Rd4 Bc6 30. Rxd3 Rd8 31. Rxd8 Qxd8 32. Qh4 Qd1+ 33. Rf1 Qd2 34. Qg3 Rd7 35. Qf2 Qxc3 36. e6 Rd2 37. Ne7+ Kh7 38. Nxc6 Rxf2 39. Rxf2 Qc1+ 40.
Kg2 Qxc6+ 41. Kg1 Qc5 42. Kg2 Kg8 43. Re2 Kf8 44. Rf2 Ke7 45. Kf1 a4 46. bxa4 Qc4+ 47. Kg2 Qxa4 48. Kf1 Qb5+ 49. Kg2 Qd3 50. Kg1 Kf6 51.
Kg2 g6 52. fxg6+ Kxe6 53. g7 Qg6+ 54. Kf1 Qxg7 55. Rg2 Qa1+ 56. Kf2 Qxa2+ 57. Kg3 Qxg2+ 58. Kxg2 Kf5 0-1

[Event "Early-Titled-Tuesday-Blitz-January-23-2024"]
[Site "Chess.com"]
[Date "2024.01.23"]
[Round "3"]
[White "LileKoridze"]
[Black "Predo63"]
[Result "1-0"]
[WhiteElo "2296"]
[BlackElo "2475"]
[TimeControl "180+1"]
[EndTime "8:28:28 PST"]
[Termination "LileKoridze won by resignation"]

1. d4 d5 2. c4 c6 3. Nf3 Nf6 4.
e3 Bf5 5. Nc3 e6 6. Nh4 Bg6 7.
Qb3 Qb6 8. Nxg6 hxg6 9. h3 Nbd7 10.
Bd3 dxc4 11. Bxc4 Qxb3 12. Bxb3 Be7 13. O-O O-O 14. e4 Rfe8 15. Be3 Bb4 16. Bc2 Nb6 17. Rad1 Rad8 18. Rfe1 Bf8 19. Bg5 Be7 20. Bb3 Nh5 21. Bxe7 Rxe7 22. g3 Nf6 23. a4 a5 24. Kg2 Red7 25.
e5 Ne8 26. Ne2 Nc7 27. Rc1 Ncd5 28. Rc5 Ra8 29. Nc3 Nb4 30. Rd1 Rdd8 31. Ne4 Nc8 32. Rcc1 Nd5 33. Nc5 Rb8 34. Bxd5 Rxd5 35. Rd3 Ne7 36. Rb3 b6 37. Na6 Rb7 38. Nc5 Rb8 39. Na6 Rbd8 40. Rxb6 Rxd4 41. Nc5 Rd2 42. b3 Nd5 43.
Rxc6 Ne3+ 44. Kg1 Nf5 45. Ne4 Re2 46. Rc8 Rf8 47. Nd6 Rd2 48. Rxf8+ Kxf8 49. Rc8+ Ke7 50.
Rc7+ Kd8 51. Rxf7 Nxd6 52. exd6 Rxd6 53. Rxg7 Rb6 54. Rxg6 Ke7 55. Rg5 Rxb3 56. Rxa5 Kf6 57. Kg2 Rb2 58. h4 Rb4 59. h5 Rb1 60. g4 Rb4 61.
Kg3 Rb3+ 62. f3 Rb1 63. g5+ Kf7 64. Ra7+ Kf8 65. h6 Rh1 66. h7 e5 67. Ra8+ Kg7 68. h8=Q+ Rxh8 69. Rxh8 Kxh8 70. a5 1-0